General information
- name: BNet
- type: Ladder team game (AT/RT)
- host: Battle.net
- saver: i_hate_life_LOL
map: Deadlock
- players: 8
- length: 34:30
- speed: Fast
- version: 1.26 W3XP
- replay type: Public
» download(210 KB)
Players
team 1 (loser)
kjasdhfkahsdkfh (
pink | 53 APM | 1201 actions | 22:48)
3 Tauren Chieftain
2 Endurance Aura
1 War Stomp
» actions
| Assign group hotkey | 12 | |
| Basic commands | 43 | |
| Build / train | 62 | |
| ESC pressed | 6 | |
| Enter build submenu | 15 | |
| Enter hero's abilities submenu | 3 | |
| Right click | 475 | |
| Select / deselect | 464 | |
| Select group hotkey | 69 | |
| Use ability | 52 | |
1201 total
» units
» upgrades
| Ranged Weapons | 3 | |
| Armor | 2 | |
| Burning Oil | 1 | |
| Reinforced Defenses | 1 | |
| Troll Regeneration | 2 | |
| Berserker Upgrade | 2 | |
| Shaman Training | 1 | |
12 total
» buildings
| Orc Burrow | 4 | |
| Altar of Storms | 1 | |
| War Mill | 1 | |
| Stronghold | 3 | |
| Barracks | 2 | |
| Fortress | 2 | |
| Voodoo Lounge | 1 | |
| Watch Tower | 2 | |
| Spirit Lodge | 4 | |
20 total
» build order
00:20 Orc Burrow
00:34 Altar of Storms
01:12 War Mill
02:08 Stronghold
02:08 Stronghold
02:18 Orc Burrow
02:29 Barracks
02:49 Barracks
03:20 Orc Burrow
04:22 Orc Burrow
06:50 Fortress
06:50 Fortress
10:15 Voodoo Lounge
17:32 Watch Tower
17:34 Watch Tower
19:56 Spirit Lodge
19:57 Spirit Lodge
20:03 Spirit Lodge
21:16 Spirit Lodge
» items
| Scroll of Town Portal | 6 | |
| Scroll of Speed | 1 | |
| Dust of Appearance | 1 | |
| Potion of Healing | 1 | |
| Potion of Mana | 1 | |
10 total
DoUevenCreepBro (
blue | 28 APM | 974 actions | 34:29)
3 Dark Ranger
2 Black Arrow
1 Silence
1 Crypt Lord
1 Impale
2 Tauren Chieftain
2 War Stomp
» actions
| Basic commands | 13 | |
| Build / train | 60 | |
| Enter build submenu | 34 | |
| Enter hero's abilities submenu | 6 | |
| Give item / drop item | 2 | |
| Remove unit from queue | 1 | |
| Right click | 408 | |
| Select / deselect | 389 | |
| Use ability | 61 | |
974 total
» units
| Acolyte | 9 | |
| Ghoul | 4 | |
| Crypt Fiend | 9 | |
| Grunt | 1 | |
| Troll Witch Doctor | 5 | |
| Tauren | 1 | |
| Demolisher | 2 | |
| Troll Headhunter/Berserker | 2 | |
33 total
» upgrades
| Web | 1 | |
| Witch Doctor Training | 2 | |
3 total
» buildings
| Ziggurat | 15 | |
| Crypt | 1 | |
| Graveyard | 1 | |
| Altar of Darkness | 2 | |
| Nerubian Tower | 6 | |
| Tomb of Relics | 1 | |
| Spirit Tower | 5 | |
| Halls of the Dead | 1 | |
| Black Citadel | 1 | |
| Necropolis | 5 | |
| Tauren Totem | 2 | |
| Great Hall | 2 | |
42 total
» build order
00:06 Ziggurat
00:09 Crypt
00:40 Graveyard
01:08 Altar of Darkness
01:37 Ziggurat
01:47 Nerubian Tower
02:27 Ziggurat
02:41 Tomb of Relics
03:42 Spirit Tower
04:57 Halls of the Dead
07:05 Ziggurat
07:07 Ziggurat
07:11 Ziggurat
08:04 Spirit Tower
08:06 Spirit Tower
08:12 Ziggurat
08:40 Spirit Tower
08:42 Ziggurat
09:07 Spirit Tower
09:09 Ziggurat
10:16 Ziggurat
11:33 Ziggurat
11:35 Ziggurat
11:39 Black Citadel
13:48 Nerubian Tower
13:50 Nerubian Tower
13:53 Necropolis
14:27 Altar of Darkness
14:56 Nerubian Tower
15:00 Ziggurat
15:19 Necropolis
15:31 Necropolis
15:47 Necropolis
15:58 Nerubian Tower
16:11 Necropolis
16:18 Ziggurat
16:21 Ziggurat
20:38 Nerubian Tower
23:16 Tauren Totem
23:27 Tauren Totem
24:46 Great Hall
30:06 Great Hall
» items
| Sacrificial Skull | 2 | |
| Rod of Necromancy | 1 | |
| Dust of Appearance | 1 | |
4 total
aTm4202006 (
teal | 47 APM | 1622 actions | 34:24)
5 Death Knight
3 Death Coil
2 Unholy Aura
7 Dreadlord
3 Vampiric Aura
3 Sleep
1 Inferno
» actions
| Build / train | 83 | |
| Enter build submenu | 25 | |
| Enter hero's abilities submenu | 14 | |
| Right click | 838 | |
| Select / deselect | 538 | |
| Use ability | 124 | |
1622 total
» units
| Acolyte | 18 | |
| Ghoul | 3 | |
| Crypt Fiend | 7 | |
| Abomination | 17 | |
| Razormane Medicine Man | 2 | |
| Obsidian Statue | 1 | |
48 total
» upgrades
| Unholy Armor | 2 | |
| Disease Cloud | 1 | |
| Unholy Strength | 1 | |
| Web | 1 | |
| Shaman Training | 1 | |
6 total
» buildings
| Altar of Darkness | 1 | |
| Crypt | 1 | |
| Ziggurat | 12 | |
| Tomb of Relics | 1 | |
| Graveyard | 1 | |
| Nerubian Tower | 2 | |
| Halls of the Dead | 1 | |
| Spirit Tower | 3 | |
| Black Citadel | 1 | |
| Slaughterhouse | 3 | |
| Watch Tower | 1 | |
| Necropolis | 1 | |
28 total
» build order
00:29 Altar of Darkness
00:37 Crypt
00:42 Ziggurat
01:05 Tomb of Relics
01:30 Graveyard
01:38 Nerubian Tower
02:02 Ziggurat
04:06 Halls of the Dead
04:48 Spirit Tower
04:54 Ziggurat
06:35 Ziggurat
06:59 Black Citadel
07:18 Ziggurat
08:19 Slaughterhouse
08:43 Spirit Tower
09:02 Slaughterhouse
11:32 Ziggurat
13:33 Ziggurat
13:35 Ziggurat
13:41 Ziggurat
16:34 Slaughterhouse
18:46 Ziggurat
24:08 Spirit Tower
24:20 Ziggurat
25:15 Nerubian Tower
26:26 Watch Tower
27:42 Ziggurat
30:29 Necropolis
» items
| Rod of Necromancy | 2 | |
| Orb of Lightning | 1 | |
| Potion of Healing | 2 | |
| Lesser Clarity Potion | 1 | |
| Healing Salve | 1 | |
| Scroll of Protection | 1 | |
8 total
Th3_Ch0s3n_0n3 (
orange | 51 APM | 1263 actions | 24:57)
3 Death Knight
2 Death Coil
1 Unholy Aura
1 Crypt Lord
1 Carrion Beetles
» actions
| Assign group hotkey | 25 | |
| Basic commands | 2 | |
| Build / train | 73 | |
| Enter build submenu | 16 | |
| Enter hero's abilities submenu | 4 | |
| Remove unit from queue | 2 | |
| Right click | 600 | |
| Select / deselect | 261 | |
| Select group hotkey | 251 | |
| Use ability | 29 | |
1263 total
» units
| Acolyte | 2 | |
| Ghoul | 13 | |
| Crypt Fiend | 38 | |
| Necromancer | 5 | |
58 total
» upgrades
| Necromancer Training | 1 | |
| Web | 1 | |
2 total
» buildings
| Altar of Darkness | 2 | |
| Ziggurat | 8 | |
| Crypt | 2 | |
| Graveyard | 1 | |
| Tomb of Relics | 1 | |
| Halls of the Dead | 1 | |
| Spirit Tower | 3 | |
| Temple of the Damned | 1 | |
19 total
» build order
00:07 Altar of Darkness
00:08 Ziggurat
00:14 Altar of Darkness
00:40 Crypt
01:22 Ziggurat
03:30 Graveyard
04:59 Ziggurat
05:00 Ziggurat
05:01 Ziggurat
05:06 Tomb of Relics
05:21 Halls of the Dead
06:57 Crypt
09:43 Spirit Tower
10:35 Ziggurat
10:37 Ziggurat
10:44 Ziggurat
11:49 Spirit Tower
12:02 Temple of the Damned
23:16 Spirit Tower
» items
team 2 (winner)
KiLs (
purple | 54 APM | 1851 actions | 34:29)
7 Death Knight
3 Death Coil
3 Unholy Aura
1 Animate Dead
6 Lich
3 Frost Nova
2 Dark Ritual
1 Death and Decay
» actions
| Assign group hotkey | 256 | |
| Basic commands | 8 | |
| Build / train | 83 | |
| Enter build submenu | 21 | |
| Enter hero's abilities submenu | 13 | |
| Give item / drop item | 2 | |
| Right click | 981 | |
| Select / deselect | 213 | |
| Select group hotkey | 145 | |
| Use ability | 129 | |
1851 total
» units
| Acolyte | 3 | |
| Ghoul | 2 | |
| Crypt Fiend | 44 | |
49 total
» upgrades
| Creature Attack | 3 | |
| Creature Carapace | 3 | |
| Web | 1 | |
7 total
» buildings
| Crypt | 3 | |
| Graveyard | 2 | |
| Ziggurat | 8 | |
| Altar of Darkness | 1 | |
| Tomb of Relics | 1 | |
| Halls of the Dead | 4 | |
| Black Citadel | 1 | |
| Necropolis | 2 | |
22 total
» build order
00:51 Crypt
00:55 Graveyard
01:01 Ziggurat
01:07 Altar of Darkness
01:11 Ziggurat
01:21 Tomb of Relics
03:35 Ziggurat
06:34 Ziggurat
06:50 Halls of the Dead
06:51 Halls of the Dead
07:45 Ziggurat
10:34 Ziggurat
15:56 Black Citadel
19:05 Ziggurat
19:18 Ziggurat
28:10 Necropolis
29:58 Necropolis
30:07 Crypt
30:11 Crypt
30:17 Graveyard
» items
| Rod of Necromancy | 1 | |
| Scroll of Town Portal | 1 | |
| Potion of Healing | 3 | |
| Scroll of Healing | 1 | |
| Potion of Mana | 1 | |
7 total
i_hate_life_LOL (
yellow | 88 APM | 3053 actions | 34:30)
7 Blademaster
3 Wind Walk
3 Critical Strike
1 Bladestorm
3 Shadow Hunter
1 Hex
2 Healing Wave
3 Tauren Chieftain
2 War Stomp
1 Endurance Aura
» actions
| Assign group hotkey | 129 | |
| Basic commands | 142 | |
| Build / train | 134 | |
| Enter build submenu | 36 | |
| Enter hero's abilities submenu | 14 | |
| Give item / drop item | 12 | |
| Remove unit from queue | 4 | |
| Right click | 1322 | |
| Select / deselect | 564 | |
| Select group hotkey | 410 | |
| Use ability | 285 | |
3053 total
» units
| Peon | 21 | |
| Wind Rider | 12 | |
| Shaman | 7 | |
| Troll Witch Doctor | 1 | |
41 total
» upgrades
| Reinforced Defenses | 1 | |
| Shaman Training | 2 | |
| Envenomed Spears | 1 | |
| Ranged Weapons | 1 | |
| Armor | 1 | |
| Witch Doctor Training | 1 | |
7 total
» buildings
| Altar of Storms | 1 | |
| Orc Burrow | 5 | |
| Voodoo Lounge | 1 | |
| War Mill | 2 | |
| Stronghold | 1 | |
| Watch Tower | 21 | |
| Fortress | 1 | |
| Beastiary | 2 | |
| Spirit Lodge | 2 | |
36 total
» build order
00:02 Altar of Storms
00:15 Orc Burrow
01:22 Voodoo Lounge
02:02 War Mill
03:10 Stronghold
03:28 Watch Tower
04:00 Watch Tower
04:44 Orc Burrow
06:01 Fortress
06:05 Beastiary
06:27 Beastiary
07:22 Orc Burrow
12:17 Watch Tower
12:17 Watch Tower
13:04 Watch Tower
13:05 Watch Tower
13:26 Watch Tower
13:27 Watch Tower
15:26 War Mill
15:27 Spirit Lodge
15:27 Spirit Lodge
17:06 Orc Burrow
17:07 Orc Burrow
19:35 Watch Tower
19:39 Watch Tower
19:41 Watch Tower
19:43 Watch Tower
21:43 Watch Tower
21:43 Watch Tower
23:42 Watch Tower
23:42 Watch Tower
23:44 Watch Tower
23:45 Watch Tower
24:10 Watch Tower
30:24 Watch Tower
30:30 Watch Tower
» items
| Healing Salve | 8 | |
| Lesser Clarity Potion | 13 | |
| Scroll of Speed | 1 | |
| Circlet of Nobility | 4 | |
| Boots of Speed | 3 | |
| Staff of Teleportation | 1 | |
| Orb of Lightning | 1 | |
| Tiny Great Hall | 4 | |
| Potion of Healing | 7 | |
| Scroll of Town Portal | 9 | |
| Potion of Mana | 3 | |
| Scroll of Healing | 1 | |
55 total

»
Archangel (
green | 28 APM | 952 actions | 34:29)
5 Death Knight
3 Death Coil
2 Unholy Aura
1 Crypt Lord
1 Carrion Beetles
» actions
| Assign group hotkey | 4 | |
| Basic commands | 43 | |
| Build / train | 54 | |
| Enter build submenu | 20 | |
| Enter hero's abilities submenu | 6 | |
| Remove unit from queue | 2 | |
| Right click | 418 | |
| Select / deselect | 334 | |
| Select group hotkey | 12 | |
| Use ability | 59 | |
952 total
» units
| Acolyte | 5 | |
| Ghoul | 4 | |
| Crypt Fiend | 16 | |
| Frost Wyrm | 8 | |
33 total
» upgrades
| Web | 1 | |
| Burrow | 1 | |
| Freezing Breath | 1 | |
3 total
» buildings
| Ziggurat | 13 | |
| Altar of Darkness | 2 | |
| Crypt | 2 | |
| Graveyard | 1 | |
| Tomb of Relics | 1 | |
| Spirit Tower | 2 | |
| Halls of the Dead | 3 | |
| Black Citadel | 4 | |
| Necropolis | 2 | |
| Sacrificial Pit | 2 | |
| Boneyard | 1 | |
33 total
» build order
00:08 Ziggurat
00:18 Altar of Darkness
00:45 Crypt
01:06 Crypt
01:17 Graveyard
01:39 Ziggurat
02:33 Tomb of Relics
03:05 Spirit Tower
04:54 Halls of the Dead
06:33 Ziggurat
06:34 Ziggurat
06:37 Ziggurat
06:40 Ziggurat
07:20 Black Citadel
08:38 Necropolis
11:18 Halls of the Dead
16:22 Black Citadel
16:25 Sacrificial Pit
17:18 Ziggurat
17:19 Ziggurat
17:19 Ziggurat
17:23 Necropolis
17:28 Ziggurat
17:28 Ziggurat
17:30 Ziggurat
17:39 Ziggurat
18:50 Boneyard
19:06 Altar of Darkness
19:07 Halls of the Dead
19:24 Spirit Tower
21:33 Black Citadel
21:48 Sacrificial Pit
23:20 Black Citadel
» items

»
mthress (
red | 36 APM | 532 actions | 14:46)
3 Death Knight
2 Unholy Aura
1 Death Coil
1 Crypt Lord
1 Spiked Carapace
» actions
| Assign group hotkey | 18 | |
| Basic commands | 25 | |
| Build / train | 31 | |
| Enter build submenu | 14 | |
| Enter hero's abilities submenu | 5 | |
| Right click | 151 | |
| Select / deselect | 133 | |
| Select group hotkey | 134 | |
| Use ability | 21 | |
532 total
» units
| Acolyte | 2 | |
| Ghoul | 9 | |
| Crypt Fiend | 7 | |
18 total
» upgrades
» buildings
| Altar of Darkness | 1 | |
| Ziggurat | 6 | |
| Crypt | 1 | |
| Graveyard | 1 | |
| Tomb of Relics | 1 | |
| Halls of the Dead | 1 | |
| Black Citadel | 1 | |
| Slaughterhouse | 1 | |
13 total
» build order
00:06 Altar of Darkness
00:10 Ziggurat
00:38 Ziggurat
01:15 Crypt
01:35 Ziggurat
02:38 Graveyard
03:15 Ziggurat
03:51 Tomb of Relics
04:46 Halls of the Dead
07:17 Black Citadel
09:52 Ziggurat
09:55 Ziggurat
09:58 Slaughterhouse
» items
| Rod of Necromancy | 1 | |
| Circlet of Nobility | 1 | |
| Scroll of Protection | 1 | |
| Scroll of Town Portal | 1 | |
4 total
Chat log
(00:43 / All) DoUevenCreepBro: yellow
(00:46 / All) kjasdhfkahsdkfh: what
(00:47 / Allies) mthress: i have spiders
(00:50 / Allies) mthress: ty
(00:53 / All) i_hate_life_LOL: i shouldve pick UD LOL
(00:57 / Allies) Archangel: ty]
(01:00 / All) DoUevenCreepBro: y u noob?
(01:01 / All) kjasdhfkahsdkfh: yellow
(01:04 / All) kjasdhfkahsdkfh: why do you hate life?
(01:18 / All) i_hate_life_LOL: BLUE IM COMIN FOR U SON
(01:19 / All) kjasdhfkahsdkfh: yellow!
(01:19 / All) DoUevenCreepBro: yellow y u noob?
(01:30 / All) kjasdhfkahsdkfh: YELLLLLOOOOOO!!!
(01:34 / Allies) Archangel: yellow are you a tker?
(01:38 / All) i_hate_life_LOL: MY BMS COMIN SON
(01:47 / All) kjasdhfkahsdkfh: Y#ELLLOOOOO!!!
(01:53 / All) DoUevenCreepBro: yellow y u noob?>
(02:00 / All) kjasdhfkahsdkfh: YELLLLOOOOWWWW
(02:13 / All) kjasdhfkahsdkfh: yellow you cock whore
(02:24 / All) i_hate_life_LOL: BLUE IM IN UR ACOS IN 5 SECONDS
(02:30 / All) i_hate_life_LOL: watch out SON
(02:46 / All) DoUevenCreepBro: k
(02:51 / All) i_hate_life_LOL: ACO DOWN
(03:40 / Allies) Archangel: need help
(03:44 / Allies) KiLs: comming
(04:35 / All) i_hate_life_LOL: NOPE
(04:44 / All) kjasdhfkahsdkfh: what a waste
(04:46 / All) Archangel: use that 350 gold
(04:51 / All) DoUevenCreepBro: yellow
(06:52 / Allies) Archangel: creep
(07:44 / All) kjasdhfkahsdkfh: wtf
(07:48 / All) DoUevenCreepBro: yellow y u noob
(07:57 / Allies) Archangel: take it
(08:30 / Allies) Archangel: lets hit
(08:33 / Allies) Archangel: pink wont have shit
(08:52 / All) i_hate_life_LOL: UHOH
(09:10 / Allies) Archangel: hit before this noob bases all of us
(09:26 / All) i_hate_life_LOL: U WOT
(09:41 / All) kjasdhfkahsdkfh: you can thank blue for that not working
(09:45 / All) kjasdhfkahsdkfh: too stupid for creeping
(10:13 / Allies) Archangel: yellow cmon
(10:21 / All) kjasdhfkahsdkfh: these mtoehrfuckers all creeping lol
(10:32 / All) i_hate_life_LOL: BACK FOR MORE
(10:45 / All) i_hate_life_LOL: GO CREEP BRO
(10:55 / All) kjasdhfkahsdkfh: |blue is overall bad
(10:58 / All) kjasdhfkahsdkfh: dark ranger with fiends
(11:00 / Allies) KiLs: red
(11:02 / Allies) KiLs: help me
(11:03 / All) kjasdhfkahsdkfh: worst combo ever
(11:19 / All) DoUevenCreepBro: says the guy who massed demolishers
(11:22 / All) kjasdhfkahsdkfh: says the guy who took green shitout?
(11:40 / All) Archangel: i rebuilt already... sorry didnt wanna interrupt
(11:53 / Allies) mthress: THIS IS MINE
(12:12 / Allies) Archangel: not again
(12:13 / Allies) KiLs: take this one
(12:16 / Allies) Archangel: stop it dude
(12:21 / Allies) i_hate_life_LOL: RED TKING
(12:21 / Allies) Archangel: HEY FUCKING STOP
(12:25 / Allies) Archangel: RED TAKE THE OTHER ONE
(12:27 / Allies) Archangel: HE STOPPED
(12:29 / Allies) Archangel: LEAVE IT
(12:29 / Allies) i_hate_life_LOL: FUCK HIM
(12:36 / Allies) KiLs: yo yellow
(12:38 / Allies) KiLs: stop plz man
(13:00 / Allies) KiLs: omg guys
(13:06 / Allies) Archangel: you guys have got to be fucking kidding me
(13:26 / Allies) KiLs: CUT THE FUCKING SHIT
(13:33 / Allies) KiLs: PLAY THE GAME THE RIGHT WAY
(13:43 / All) kjasdhfkahsdkfh: blues shit got raped
(13:57 / All) DoUevenCreepBro: 2v1 all game
(13:59 / All) mthress: yellow is a shi
(14:00 / Allies) Archangel: go purp
(14:00 / All) DoUevenCreepBro: u noobs lucky
(14:07 / All) kjasdhfkahsdkfh: LOL@2v1?
(14:08 / All) DoUevenCreepBro: pinks even worse than u yellow
(14:20 / All) kjasdhfkahsdkfh: you're the one whos bad
(14:25 / Allies) Archangel: stay
(14:25 / All) kjasdhfkahsdkfh: dark ranger with fiends
(14:30 / All) kjasdhfkahsdkfh: pro shit bro
(14:32 / All) mthress: WHY IS THIS WHOLE GAME SPIDERS lol
(14:36 / All) DoUevenCreepBro: DEMOLISHERS
(14:41 / All) mthress: go to hell yellow
(14:42 / All) DoUevenCreepBro: YOU READ ME CORRECTLY
(14:47 / All) DoUevenCreepBro: MASS DEMOLISHERS
(14:52 / All) DoUevenCreepBro: NEW PRO STRATEGY
(14:53 / Allies) Archangel: alright now stop yellow
(15:48 / All) i_hate_life_LOL: BM TOO STRONK
(16:45 / Allies) Archangel: gotcha purp
(16:49 / Allies) KiLs: ty
(16:52 / All) DoUevenCreepBro: yellow y u noob?
(16:52 / Allies) Archangel: np
(17:03 / All) DoUevenCreepBro: no unuits all game
(17:12 / All) DoUevenCreepBro: and we still lost to u noobs
(17:26 / Allies) KiLs: did we rely kill blue?
(17:48 / Allies) Archangel: heal please
(17:54 / Allies) Archangel: ty
(18:15 / All) DoUevenCreepBro: INITIATING DEMPOLISHMENT
(18:34 / Allies) i_hate_life_LOL: TC
(18:34 / Allies) i_hate_life_LOL: TC
(18:40 / Allies) Archangel: out
(18:43 / Allies) Archangel: 'tp out purp
(19:28 / Allies) i_hate_life_LOL: LUMBER
(19:35 / All) DoUevenCreepBro: DEMOLISHMENNT HAS BEGUN
(19:40 / Allies) Archangel: yellow necxt battle sneak to back and kill demos
(20:27 / Allies) Archangel: cmon purp
(20:36 / Allies) Archangel: flank and kill demos
(20:48 / Allies) Archangel: purp cmon
(20:50 / All) DoUevenCreepBro: yellow
(20:52 / All) kjasdhfkahsdkfh: ORANGE IS TOO DUMB TO COIL
(20:53 / All) kjasdhfkahsdkfh: LOL
(21:00 / All) DoUevenCreepBro: y u noob?
(21:43 / Allies) KiLs: I WAS SLEEPED
(21:49 / Allies) Archangel: its ok
(21:52 / Allies) Archangel: keep fighting
(22:07 / All) DoUevenCreepBro: pink y u noob?
(22:46 / All) kjasdhfkahsdkfh: BLUE SUCKS TOO MUHC
(22:48 / All) kjasdhfkahsdkfh: GG
(22:57 / All) i_hate_life_LOL: GG
(23:10 / Allies) Archangel: mass wyrms for red soon
(23:20 / Allies) i_hate_life_LOL: UM NO
(23:23 / All) KiLs: gg
(23:26 / Allies) i_hate_life_LOL: FUCK RED
(23:29 / Allies) Archangel: wtf are you doing you stupid bastard
(23:41 / Allies) Archangel: fuck you you moron
(24:57 / Allies) Archangel: ARE YOU FUCKIN KIDDING ME?
(25:05 / Allies) i_hate_life_LOL: THIS LOOK LIKE A JOKE SON
(25:19 / Allies) Archangel: FUCK YOU YOU'RE ON MY TK LIST
(25:54 / Allies) Archangel: STUPID CUNT OF A PERSON
(27:25 / Allies) Archangel: fuck this
(27:28 / Allies) i_hate_life_LOL: FUCK YOU
(27:32 / Allies) Archangel: finish the game by yourself then bitch
(27:50 / Allies) Archangel: cuntish 12 year old
(27:55 / Allies) i_hate_life_LOL: FUCK NOOB U TK NOOB
(28:04 / Allies) i_hate_life_LOL: SIDING WITH RED THE TKER
(28:07 / Allies) Archangel: you attack me you sack of shit
(30:40 / All) i_hate_life_LOL: OWN THAT FUCKING TK NOOB
(30:56 / Allies) Archangel: eat shit you cunt
(31:41 / Allies) Archangel: .....seriously
(33:05 / Allies) Archangel: use towers
(33:59 / All) DoUevenCreepBro: yellow
(34:19 / All) aTm4202006: 1v4 is gettin o;d/
(34:21 / All) aTm4202006: old